 Dungeon Crawl Stone Soup version 0.20-a0-1034-gb277f92 (webtiles) character file.

90974 qqqbard the Bludgeoner (level 15, -3/137 HPs)
             Began as a Minotaur Fighter on Apr 21, 2017.
             Was the Champion of the Shining One.
             Slain by a wolf spider (12 damage)
             ... on level 2 of the Spider Nest.
             The game lasted 00:34:05 (20549 turns).

qqqbard the Bludgeoner (Minotaur Fighter)          Turns: 20549, Time: 00:34:05

Health: -3/137     AC:  7    Str: 26    XL:     15   Next: 53%
Magic:  18/18      EV: 12    Int:  7    God:    the Shining One [******]
Gold:   1483       SH: 22    Dex: 15    Spells: 14/14 levels left

rFire    + . .     SeeInvis .   m - +8 eveningstar (holy)
rCold    . . .     Gourm    +   n - +2 large shield
rNeg     + + +     Faith    .   C - +1 plate armour {rF+}
rPois    +         Spirit   .   k - +0 hat
rElec    .         Reflect  .   (no cloak)
rCorr    .         Harm     .   l - +0 pair of gloves (curse)
MR       +....                  j - +0 pair of boots
Stlth    ..........             Q - amulet of the gourmand
Regen    0.4/turn               M - ring of poison resistance
MPRegen  0.2/turn               h - +4 ring of dexterity

@: about to teleport, corroded, glowing
A: retaliatory headbutt, horns 2, icy blue scales 1, clever 1, shaggy fur 1,
MP-powered wands
a: Divine Shield, Cleansing Flame, Summon Divine Warrior, Brand Weapon With Holy
Wrath, Renounce Religion


You were on level 2 of the Spider Nest.
You worshipped the Shining One.
The Shining One was exalted by your worship.
You were very full.

You visited 4 branches of the dungeon, and saw 24 of its levels.
You also visited: Ice Cave.

You collected 1636 gold pieces.
You spent 112 gold pieces at shops.
You donated 41 gold pieces to Zin.

Inventory:

Hand Weapons
 m - a +8 eveningstar of holy wrath (weapon)
 x - a +2 whip of electrocution
 P - a +0 triple crossbow
Armour
 j - a +0 pair of boots (worn)
 k - a +0 hat (worn)
 l - a cursed +0 pair of gloves (worn)
 n - a +2 large shield (worn)
 C - a +1 plate armour of fire resistance (worn)
Jewellery
 h - a +4 ring of dexterity (right hand)
 q - an uncursed ring of protection from cold
 v - a +4 ring of intelligence
 z - an uncursed ring of ice
 M - a ring of poison resistance (left hand)
 O - a +3 ring of strength
 Q - an amulet of the gourmand (around neck)
 U - the ring of Con Jiwk {+Blink rElec rF- rC+}
   (You found it on level 5 of the Lair of Beasts)

   [ring of protection from cold]

   It makes you vulnerable to fire.
   It protects you from cold.
   It insulates you from electricity.
   It lets you blink.
Wands
 c - a wand of acid (3/15)
 w - a wand of iceblast (6/15)
 y - a wand of digging (12/24)
 N - a wand of flame (31/48)
 V - a wand of scattershot (3/9)
 X - a wand of scattershot (3/9)
 Z - a wand of flame (15/48)
Scrolls
 a - a scroll of identify
 b - 5 scrolls of teleportation
 i - 9 scrolls of remove curse
 p - 8 scrolls of recharging
 t - 6 scrolls of enchant weapon
 H - 3 scrolls of enchant armour
 I - 4 scrolls of amnesia
 L - a scroll of holy word {unknown}
 T - a scroll of blinking {unknown}
 W - 2 scrolls of torment {unknown}
Potions
 d - 6 potions of might
 e - 5 potions of haste
 o - 5 potions of curing
 B - 2 potions of cancellation {unknown}
 D - 2 potions of magic {unknown}
 G - 2 potions of agility {unknown}
 K - 2 potions of ambrosia
 R - 5 potions of flight {unknown}
Books
 r - the Volume of Hexes and the Escort
   (You found it in an ice cave)

   Spells                             Type                      Level
   a - Confusing Touch                Hexes                        1
   b - Cause Fear                     Hexes                        4
   c - Summon Ice Beast               Ice/Summoning                4
   d - Yara's Violent Unravelling     Hexes/Transmutation          5
   e - Summon Forest                  Summoning/Translocation      5
 A - a book of Cantrips

   Spells                             Type                      Level
   a - Confusing Touch                Hexes                        1
   b - Animate Skeleton               Necromancy                   1
   c - Summon Small Mammal            Summoning                    1
   d - Apportation                    Translocation                1
 F - a book of Necromancy

   Spells                             Type                      Level
   a - Pain                           Necromancy                   1
   b - Animate Skeleton               Necromancy                   1
   c - Vampiric Draining              Necromancy                   3
   d - Regeneration                   Charms/Necromancy            3
   e - Animate Dead                   Necromancy                   4
   f - Control Undead                 Necromancy                   4
   The Shining One disapproves of the use of such an item.
Miscellaneous
 S - a phial of floods
Comestibles
 f - 11 bread rations
 g - 7 meat rations
 E - 11 royal jellies
 J - 43 fruits


   Skills:
 + Level 13.8 Fighting
 * Level 17.5 Maces & Flails
 * Level 6.0 Crossbows
 + Level 13.2 Armour
 + Level 11.8 Dodging
 + Level 13.4 Shields
 * Level 6.2 Invocations


You had 14 spell levels left.
You didn't know any spells.

Dungeon Overview and Level Annotations

Branches:
Dungeon (15/15)            Temple (1/1) D:4            Lair (6/6) D:8
 Shoals (0/4) Lair:3       Spider (2/4) Lair:2        Slime (0/5) Lair:5
    Orc (0/2) D:9          Vaults (0/5) D:13
 Depths: D:15

Altars:
Ashenzari
Cheibriados
Dithmenos
Elyvilon
Fedhas
Gozag
Hepliaklqana
Kikubaaqudgha
Makhleb
Nemelex Xobeh
Okawaru
Qazlal
Ru
Sif Muna
Trog
Uskayaw
Vehumet
Wu Jian
Xom
Yredelemnul
Zin
The Shining One
Jiyva

Shops:
D:2 *   D:9 [   D:10 :   D:12 *%!**

Annotations:
D:4 Blork the orc


Innate Abilities, Weirdness & Mutations

You reflexively headbutt those who attack you in melee.
You have a pair of horns on your head.
You are partially covered in icy blue scales. (AC +2)
Your mind is acute. (Int +2)
You are covered in fur. (AC +1)
You expend magic power (3 MP) to strengthen your wands.


Message History

You block the wolf spider's attack.
You feel much better. You block the redback's attack. The wolf spider hits you!
* * * LOW HITPOINT WARNING * * *
You block the wolf spider's attack. You block the redback's attack.
As you read the scroll of teleportation, it crumbles to dust.
You feel strangely unstable. You block the wolf spider's attack.
The wolf spider bites you!
* * * LOW HITPOINT WARNING * * *
The redback barely misses you. You block the wolf spider's attack.
The wolf spider bites you but does no damage.
Unknown command.
You hit the redback but do no damage.
The redback is moderately wounded.
You block the redback's attack. You block the wolf spider's attack. x2
You closely miss the redback. Your headbutt misses the redback.
The redback is lightly wounded.
The redback bites you!
* * * LOW HITPOINT WARNING * * *
You block the wolf spider's attack. The wolf spider bites you!
You die...

#..#........................
#..###......................
#...##..".............#.....
##...#......................
##...##......................
#....#.......as..............
##....†..^...ssss............^
##...<..#....##ss#.#...........
#^.##..###...#@ss###.s.........
#..##### ##.####§# ##..a.......
##^.# ### ### #...#^..... ####
###........ #.[.......
#........... #..........>
............ .^..........


You could see an entropy weaver, a wolf spider, a jumping spider, a tarantella
and 5 redbacks.

Vanquished Creatures
  Frances (Spider:1)
  Kirke (Lair:4)
  A frost giant (IceCv)
  An entropy weaver (Spider:1)
  Azrael (D:13)
  Josephine (Lair:5)
  A fire dragon (Lair:6)
  6 hydras
  A centaur warrior (D:13)
  A vault guard (D:13)
  A death knight (D:14)
  The ghost of Hobbes the Fighter, a novice DrFi of Okawaru (D:10)
  5 two-headed ogres
  4 death yaks
  Nergalle (Lair:4)
  The ghost of Foxy the Carver, a novice VSFi of Okawaru (D:8)
  2 skeletal warriors (D:14)
  A lindwurm (Lair:6)
  Pikel (D:7)
  5 orb spiders
  A deep elf mage (D:12)
  8 wolf spiders
  A manticore (D:14)
  A cyclops (D:13)
  2 ugly things
  Maurice (D:8)
  4 centaur zombies
  8 elephants
  10 black mambas
  An ice statue (IceCv)
  2 molten gargoyles (Lair:6)
  11 spiny frogs
  A rime drake (Lair:6)
  A kobold demonologist (D:13)
  4 komodo dragons
  A freezing wraith (D:14)
  2 ice devils (Lair:3)
  A redback zombie (D:13)
  A queen bee (Lair:1)
  2 trolls
  3 hornets
  13 polar bears
  16 jumping spiders
  4 merfolk (Lair:3)
  Grinder (D:3)
  A meliai zombie (D:10)
  24 blink frogs
  8 hippogriffs
  Sigmund (D:2)
  A shadow (D:13)
  7 tarantellas
  62 yaks
  19 redbacks
  A vampire (D:13)
  6 wyverns
  5 wraiths
  6 basilisks
  2 fire elementals (D:13)
  A hog (Lair:4)
  2 hungry ghosts
  The ghost of Cerepol the Ruffian, an amateur DrTm (D:4)
  9 water moccasins
  6 hell hounds
  Duvessa (D:7)
  5 porcupines
  6 orc warriors
  7 ice beasts
  6 ogres
  A slave (D:7)
  5 phantoms
  A black bear (D:7)
  3 sky beasts
  2 eyes of draining (D:9)
  17 centaurs
  14 wolves
  13 crocodiles
  4 big kobolds
  2 wyvern zombies (D:13)
  24 bullfrogs
  A wyvern skeleton (D:12)
  9 scorpions
  28 killer bees
  14 wights
  2 electric eels (D:8)
  4 howler monkeys
  5 lava snakes (Lair:6)
  3 crimson imps
  12 hounds
  3 quasits
  A bullfrog zombie (D:10)
  5 jellies
  3 centaur skeletons
  A bullfrog skeleton (D:7)
  2 orc priests (D:8)
  6 iguanas
  11 worker ants
  Natasha (D:2)
  14 orc wizards
  A statue (D:5)
  A hound skeleton (D:10)
  A howler monkey skeleton (D:8)
  5 gnolls
  23 adders
  A shadow imp (D:7)
  2 oozes
  3 worms
  2 dart slugs
  3 leopard geckos
  37 orcs
  8 bats
  8 giant cockroaches
  4 hobgoblins
  6 jackals
  6 quokkas
  2 ball pythons
  7 goblins
  20 kobolds
  6 rats
681 creatures vanquished.

Vanquished Creatures (collateral kills)
  Urug (Lair:3)
1 creature vanquished.

Vanquished Creatures (others)
  A jumping spider (Spider:1)
  2 polar bears (IceCv)
  A yak (IceCv)
  A slave (D:7)
  An ogre (D:7)
  6 wolves (IceCv)
  Dowan (D:7)
  A shadow imp (D:7)
  An ooze (D:7)
  7 fungi
  4 plants
26 creatures vanquished.

Grand Total: 708 creatures vanquished

Notes
Turn   | Place    | Note
-------+----------+-------------------------------------------
     0 | D:1      | qqqbard the Minotaur Fighter began the quest for the Orb.
     0 | D:1      | Reached XP level 1. HP: 19/19 MP: 0/0
    95 | D:1      | Reached XP level 2. HP: 27/27 MP: 1/1
   172 | D:1      | Reached skill level 3 in Maces & Flails
   343 | D:1      | Reached XP level 3. HP: 31/33 MP: 2/2
   659 | D:2      | Found a faded altar of an unknown god.
   700 | D:2      | Found a burning altar of Makhleb.
   825 | D:2      | Found Zin's Purification Station.
   827 | D:2      | Found a glowing silver altar of Zin.
   832 | D:2      | Found a hide-covered altar of Uskayaw.
   833 | D:2      | Noticed a dagger
   858 | D:2      | Noticed a hand axe
   866 | D:2      | Became a worshipper of Zin the Law-Giver
   936 | D:2      | Noticed Sigmund
   944 | D:2      | Killed Sigmund
   944 | D:2      | Reached skill level 4 in Maces & Flails
   944 | D:2      | Reached skill level 1 in Dodging
   944 | D:2      | Reached XP level 4. HP: 30/41 MP: 3/3
   944 | D:2      | Reached XP level 5. HP: 34/47 MP: 4/4
  1193 | D:2      | Noticed Natasha
  1199 | D:2      | Killed Natasha
  1553 | D:3      | Reached * piety under Zin
  1704 | D:3      | Reached XP level 6. HP: 53/53 MP: 5/5
  1733 | D:3      | Reached skill level 5 in Maces & Flails
  1999 | D:4      | Noticed Grinder
  2003 | D:4      | Paralysed by Grinder for 7 turns
  2027 | D:3      | Paralysed by Grinder for 4 turns
  2031 | D:3      | Gained mutation: Your mind is acute. (Int +2) [potion of mutation]
  2031 | D:3      | Gained mutation: You expend magic power (3 MP) to strengthen your wands. [potion of mutation]
  2031 | D:3      | Gained mutation: You are partially covered in icy blue scales. (AC +2) [potion of mutation]
  2031 | D:3      | Gained mutation: You are covered in fur. (AC +1) [potion of mutation]
  2045 | D:3      | Killed Grinder
  2045 | D:3      | Reached skill level 5 in Fighting
  2045 | D:3      | Reached skill level 5 in Shields
  2302 | D:4      | Found a shadowy altar of Dithmenos.
  2308 | D:4      | Reached skill level 5 in Armour
  2308 | D:4      | Reached XP level 7. HP: 52/61 MP: 6/6
  2334 | D:4      | Reached skill level 6 in Maces & Flails
  2464 | D:4      | Noticed Blork the orc
  2471 | D:4      | Found a deep blue altar of Sif Muna.
  2760 | D:4      | Found a shadowy altar of Dithmenos.
  2782 | D:4      | Found a staircase to the Ecumenical Temple.
  2823 | D:4      | Noticed Cerepol's ghost (amateur DrTm)
  2836 | D:4      | Killed Cerepol's ghost
  2936 | Temple   | Entered the Ecumenical Temple
  3067 | D:5      | Entered Level 5 of the Dungeon
  3364 | D:5      | Reached ** piety under Zin
  3398 | D:5      | Found an ornate altar of the Wu Jian Council.
  3406 | D:5      | Found a radiant altar of Vehumet.
  3419 | D:5      | Reached skill level 7 in Maces & Flails
  3419 | D:5      | Reached XP level 8. HP: 60/70 MP: 7/7
  3760 | D:6      | Reached *** piety under Zin
  3797 | D:6      | Found an ancient bone altar of Kikubaaqudgha.
  3797 | D:6      | Found a blossoming altar of Fedhas.
  3806 | D:6      | Reached skill level 8 in Maces & Flails
  4152 | D:7      | Noticed Duvessa
  4152 | D:7      | Noticed Pikel
  4152 | D:7      | Noticed Dowan
  4174 | D:7      | Killed Duvessa
  4195 | D:7      | Zin protects you from harm!
  4196 | D:7      | Killed Pikel
  4196 | D:7      | Reached skill level 9 in Maces & Flails
  4196 | D:7      | Reached skill level 5 in Dodging
  4196 | D:7      | Reached XP level 9. HP: 13/79 MP: 8/8
  4206 | D:7      | Killed Dowan
  4696 | D:7      | Found a stormy altar of Qazlal.
  4949 | D:7      | Found a sparkling altar of Nemelex Xobeh.
  5204 | D:8      | Noticed Foxy's ghost (novice VSFi)
  5227 | D:8      | Killed Foxy's ghost
  5227 | D:8      | Reached skill level 10 in Maces & Flails
  5238 | D:8      | Reached XP level 10. HP: 41/88 MP: 9/9
  5349 | D:8      | Noticed a two-headed ogre
  5378 | D:8      | Found a staircase to the Lair.
  5826 | D:8      | Reached **** piety under Zin
  6546 | D:8      | Found a white marble altar of Elyvilon.
  6581 | D:8      | Noticed Maurice
  6587 | D:8      | Killed Maurice
  6587 | D:8      | Reached skill level 11 in Maces & Flails
  6626 | D:8      | Killed a two-headed ogre
  6936 | D:9      | Found a burning altar of Makhleb.
  6965 | D:9      | Found a bloodstained altar of Trog.
  7211 | D:9      | Found a staircase to the Orcish Mines.
  7213 | D:9      | Found a glowing golden altar of the Shining One.
  7216 | D:9      | Fell from the grace of Zin
  7216 | D:9      | Became a worshipper of the Shining One
  7216 | D:9      | Reached * piety under the Shining One
  7216 | D:9      | Reached ** piety under the Shining One
  7253 | D:10     | Entered Level 10 of the Dungeon
  7361 | D:9      | Found Ahat's Armour Shoppe.
  7452 | D:10     | Reached XP level 11. HP: 85/97 MP: 10/10
  7764 | D:10     | Found Resownoid's Book Shoppe.
  7780 | D:10     | Noticed Hobbes's ghost (novice DrFi)
  7827 | D:10     | Killed Hobbes's ghost
  7827 | D:10     | Reached skill level 12 in Maces & Flails
  8284 | D:11     | Reached skill level 10 in Fighting
  8285 | D:11     | Noticed a white ugly thing
  8285 | D:11     | Reached *** piety under the Shining One
  8311 | D:11     | Killed a white ugly thing
  8311 | D:11     | Reached skill level 10 in Shields
  8333 | D:11     | Noticed a two-headed ogre
  8349 | D:11     | Killed a two-headed ogre
  8432 | D:11     | Found a glowing golden altar of the Shining One.
  8659 | D:12     | Reached skill level 10 in Armour
  8668 | D:12     | Reached skill level 13 in Maces & Flails
  8699 | D:12     | Noticed a deep elf mage
  8699 | D:12     | Found Hoipsuju's General Store.
  8702 | D:12     | Noticed a soul eater
  8708 | D:12     | Killed a deep elf mage
  8892 | D:12     | Found Paluhyu's Assorted Antiques.
  8913 | D:12     | Found Qimog's General Store.
  8952 | D:12     | Found Othoin's Distillery.
  8958 | D:12     | Bought a potion of ambrosia for 112 gold pieces
  8960 | D:12     | Found Bidikep's Food Shop.
  9648 | D:13     | Reached XP level 12. HP: 107/107 MP: 11/11
  9686 | D:13     | Noticed a two-headed ogre
  9698 | D:13     | Killed a two-headed ogre
  9825 | D:13     | Noticed a two-headed ogre
  9825 | D:13     | Reached **** piety under the Shining One
  9834 | D:13     | Killed a two-headed ogre
  9935 | D:13     | Found a gate to the Vaults.
  9935 | D:13     | Noticed a vault guard
  9941 | D:13     | Killed a vault guard
  9979 | D:13     | Noticed a centaur warrior
  9988 | D:13     | Killed a centaur warrior
 10029 | D:13     | Reached skill level 14 in Maces & Flails
 10053 | D:13     | Noticed Azrael
 10072 | D:13     | Killed Azrael
 10346 | D:13     | Noticed a rakshasa
 10355 | D:13     | Reached ***** piety under the Shining One
 10801 | D:13     | Noticed a two-headed ogre
 10808 | D:13     | Killed a two-headed ogre
 11331 | D:14     | Noticed a death knight
 11340 | D:14     | Killed a death knight
 11349 | D:14     | Reached XP level 13. HP: 47/117 MP: 12/12
 11718 | D:15     | Entered Level 15 of the Dungeon
 12032 | Lair:1   | Entered Level 1 of the Lair of Beasts
 12154 | Lair:1   | Reached skill level 15 in Maces & Flails
 12824 | Lair:2   | Reached skill level 10 in Dodging
 12904 | Lair:2   | Found a hole to the Spider Nest.
 13484 | Lair:3   | Found a frozen archway.
 13500 | IceCv    | Entered an ice cave
 14110 | IceCv    | Reached skill level 16 in Maces & Flails
 14201 | IceCv    | Noticed a frost giant
 14230 | IceCv    | Killed a frost giant
 14537 | IceCv    | Identified the Volume of Hexes and the Escort
 14898 | Lair:3   | Noticed Urug
 14907 | Lair:3   | Killed Urug
 14907 | Lair:3   | Reached XP level 14. HP: 63/127 MP: 13/13
 15194 | Lair:3   | Found a staircase to the Shoals.
 15587 | Lair:4   | Noticed Nergalle
 15593 | Lair:4   | Killed Nergalle
 15999 | Lair:4   | Noticed Kirke
 16003 | Lair:4   | Reached skill level 1 in Invocations
 16009 | Lair:4   | Reached skill level 1 in Crossbows
 16013 | Lair:4   | Killed Kirke
 16387 | Lair:5   | Got a slimy wooden ring
 16392 | Lair:5   | Noticed Josephine
 16402 | Lair:5   | Killed Josephine
 16478 | Lair:5   | Reached ****** piety under the Shining One
 16629 | Lair:5   | Found a staircase to the Slime Pits.
 17092 | Lair:6   | Entered Level 6 of the Lair of Beasts
 17226 | Lair:6   | Found a large runed door.
 17259 | Lair:6   | Reached skill level 17 in Maces & Flails
 17318 | Lair:6   | Found a large runed door.
 17903 | Lair:6   | Reached XP level 15. HP: 135/136 MP: 17/17
 18301 | Lair:5   | Identified the ring of Con Jiwk {+Blink rElec rF- rC+} (You found it on level 5 of the Lair of Beasts)
 18387 | Spider:1 | Entered Level 1 of the Spider Nest
 18414 | Spider:1 | Noticed Frances
 18427 | Spider:1 | Killed Frances
 18427 | Spider:1 | Reached skill level 5 in Crossbows
 18585 | Spider:1 | Reached skill level 5 in Invocations
 20549 | Spider:2 | Slain by a wolf spider

Vault maps used:
D:1:      eino_arrival_water_star, serial_corexii_hall, corexii_hall_statues_x,
          corexii_hall_statues_s, corexii_hall_statues_x,
          corexii_hall_statues_s, serial_park_tiny_2, minmay_tetromino_s2
D:2:      dancing_weapons_uskayaw, lemuel_doored_altar, zin_purify,
          chequers_ecumenical_altar_simple, kennysheep_generic_room_9,
          uniq_natasha, uniq_sigmund
D:4:      kennysheep_mini_moat, tgw_sif, temple_doors_e,
          nicolae_dithmenos_shadow_blocks, uniq_grinder
D:5:      lemuel_crystal_altar, vehumet_statue, first_bread,
          minmay_misc_feat_ornament
D:6:      grunt_temple_overflow_growth_and_decay, kennysheep_cross_bottleneck,
          minmay_misc_feat_plants
D:7:      black_bear_nest_2, kennysheep_little_box, nemelex_dance_club_becter,
          uniq_pikel, uniq_duvessa
D:8:      nicolae_overflow_hidden_temple, lemuel_crystal_altar,
          erik_lair_island, blue_anna_alchemist, uniq_maurice
D:9:      kennysheep_mini, orc_0_dummy, basic_altar, serial_shops, shop,
          trog_eyes_of_draining
D:10:     serial_shops, nicolae_shop_trees
D:11:     nicolae_tso_swordbearing_angel
D:12:     serial_shops, shop, shop, nicolae_shop_crystal, shop, shop
D:13:     david_vaults_5, uniq_azrael
D:15:     hangedman_depths_entry_try_elsewhere_first, minmay_tree_intersection,
          serial_undead, serial_undead_e, serial_undead_d, serial_undead_f,
          serial_undead_c, serial_undead_b, uniq_rupert
Temple:   pf_slimified_temple
Lair:1:   special_room
Lair:2:   nicolae_spider_entry_non_spiders
Lair:3:   elwin_shoals_entry_stream, portal_ice_cave_demonic_guard,
          infiniplex_staircase_pool_2, uniq_urug
Lair:4:   grunt_megastairs_4, uniq_kirke, uniq_nergalle
Lair:5:   minmay_lair_venomous_thicket, slime_dummy, beast_lair_carwin_8,
          uniq_josephine
Lair:6:   cheibrodos_lair_end_hotspot
Spider:1: uniq_frances
Spider:2: spider_trap, nicolae_crawler_farm
IceCv:    ice_cave_caverns_02

Skill      XL: |  1  2  3  4  5  6  7  8  9 10 11 12 13 14 15 |
---------------+----------------------------------------------+-----
Fighting       | 4 5 6 7 8 9 10 11 12 13 | 13.8
Maces & Flails | 3 4 5 7 9 10 11 13 14 16 17 | 17.5
Shields        | 4 5 7 8 9 10 11 12 13 | 13.4
Armour         | 4 5 6 7 9 10 11 12 13 | 13.2
Dodging        | 1 2 3 5 6 7 8 9 10 11 | 11.8
Invocations    | 4 6 |  6.2
Crossbows      | 4 6 |  6.0

Action                   |  1- 3 |  4- 6 |  7- 9 | 10-12 | 13-15 || total
-------------------------+-------+-------+-------+-------+-------++-------
Melee: Flail             |   103 |    93 |   220 |       |       ||   416
       Headbutt          |    16 |    15 |    60 |   172 |   248 ||   511
       Whip              |       |       |   113 |   665 |       ||   778
       Morningstar       |       |       |       |   197 |   370 ||   567
       Eveningstar       |       |       |       |       |   589 ||   589
Invok: Divine Shield     |       |       |       |       |     1 ||     1
  Use: Potion            |       |     4 |       |       |     7 ||    11
       Scroll            |       |       |     9 |     6 |    22 ||    37
  Eat: Chunk             |       |     4 |     6 |    22 |    49 ||    81
       Royal jelly       |       |       |     2 |       |       ||     2
Armor: Scale mail        |    44 |    32 |     2 |       |       ||    78
       Skin              |       |     8 |       |       |       ||     8
       Chain mail        |       |       |    78 |       |       ||    78
       Plate armour      |       |       |    10 |   193 |   314 ||   517
Dodge: Dodged            |    26 |    17 |    38 |    99 |   251 ||   431
Block: Shield            |    45 |       |       |       |       ||    45
       Large shield      |    25 |    74 |   237 |   536 |  1057 ||  1929
